TOP OF THE 1ST |
Oakland Oaks batting - Pitching for Kingston Township Legion : RHP Mick Alston
|
Pitching: RHP Mick Alston
|
|
Batting: RHB Joseph Papasogli
|
0-0: Fly out, F9 (Flyball, 9)
|
Batting: RHB Raúl Chávez
|
0-0: Called Strike 0-1: SINGLE (Line Drive, 7S)
|
Batting: RHB Alfonso Nazario
|
0-0: Ball 1-0: Foul Ball, location: 2F 1-1: Called Strike 1-2: Foul Ball, location: 2F 1-2: Strikes out swinging Raúl Chávez steals 2nd base Batter strikes out.
|
Batting: RHB Yehonatan Chazan
|
0-0: Foul Ball, location: 2F 0-1: Ball 1-1: SINGLE (Groundball, 6M) (infield hit) Raúl Chávez to third
|
Batting: RHB Mark Finney
|
0-0: Ball 1-0: Ball 2-0: Ball 3-0: Called Strike 3-1: Base on Balls Yehonatan Chazan to second
|
Batting: SHB Orlando Villa
|
0-0: Ball 1-0: Ball 2-0: Called Strike 2-1: Foul Ball, location: 2F 2-2: SINGLE (Groundball, 6D) Raúl Chávez scores Yehonatan Chazan to third Mark Finney to second Runner from 3rd tries for Home, SAFE, no throw
|
Batting: RHB Ricardo Téllez
|
0-0: Swinging Strike 0-1: Ground out 5-3 (Groundball, 56S)
|
Top of the 1st over - 2 runs, 3 hits, 0 errors, 2 left on base; Oakland 2 - Kingston Township 0 |
BOTTOM OF THE 1ST |
Kingston Township Legion batting - Pitching for Oakland Oaks : RHP Mal Houser
|
Pitching: RHP Mal Houser
|
|
Batting: RHB Ron Bernard
|
0-0: Ball 1-0: Foul Ball, location: 2F 1-1: Foul Ball, location: 2F 1-2: Ball 2-2: Fly out, F3 (Popup, 3SF)
|
Batting: RHB Jim Scott
|
0-0: Ball 1-0: Foul Ball, location: 2F 1-1: Foul Ball, location: 2F 1-2: Ball 2-2: DOUBLE (Line Drive, 9D)
|
Batting: RHB EP Weston
|
0-0: Called Strike 0-1: Ball 1-1: Ball 2-1: Ball 3-1: Called Strike 3-2: SINGLE (Groundball, 56D) Jim Scott to third Runner from 3rd tries for Home, SAFE, no throw
|
Batting: RHB Clarence Neal
|
Pickoff Throw to First - Out! 0-0: Swinging Strike 0-1: SINGLE (Groundball, 34D)
|
Batting: LHB Charles Mathes
|
0-0: Swinging Strike 0-1: Foul Ball, location: 2F 0-2: Strikes out swinging
|
Bottom of the 1st over - 1 run, 3 hits, 0 errors, 1 left on base; Oakland 2 - Kingston Township 1 |
TOP OF THE 2ND |
Oakland Oaks batting - Pitching for Kingston Township Legion : RHP Mick Alston
|
Batting: RHB Colin O'Connell
|
0-0: Ball 1-0: Called Strike 1-1: Ball 2-1: Ball 3-1: Swinging Strike 3-2: Foul Ball, location: 2F 3-2: Ground out 1-3 (Groundball, 13)
|
Batting: SHB Joaquín Reyes
|
0-0: Ball 1-0: Ball 2-0: Called Strike 2-1: Foul Ball, location: 2F 2-2: Fly out, F6 (Popup, 4M)
|
Batting: RHB Joseph Papasogli
|
0-0: SINGLE (Groundball, 56D)
|
Batting: RHB Raúl Chávez
|
0-0: Ball 1-0: Foul Ball, location: 2F 1-1: Called Strike 1-2: Ball Joseph Papasogli steals 2nd base 2-2: Ball 3-2: Foul Ball, location: 2F 3-2: Ground out 5-3 (Groundball, 56D)
|
Top of the 2nd over - 0 runs, 1 hit, 0 errors, 1 left on base; Oakland 2 - Kingston Township 1 |
BOTTOM OF THE 2ND |
Kingston Township Legion batting - Pitching for Oakland Oaks : RHP Mal Houser
|
Batting: RHB Dani Trejo
|
0-0: Fly out, F9 (Flyball, 9S)
|
Batting: RHB Júlio Rodríguez
|
0-0: Ball 1-0: Foul Ball, location: 2F 1-1: Swinging Strike 1-2: Strikes out swinging
|
Batting: RHB José Icaza
|
0-0: Ball 1-0: Ball 2-0: Foul Ball, location: 2F 2-1: Ground out 4-3 (Groundball, 4)
|
Bottom of the 2nd over - 0 runs, 0 hits, 0 errors, 0 left on base; Oakland 2 - Kingston Township 1 |
TOP OF THE 3RD |
Oakland Oaks batting - Pitching for Kingston Township Legion : RHP Mick Alston
|
Batting: RHB Alfonso Nazario
|
0-0: Ball 1-0: Swinging Strike 1-1: Swinging Strike 1-2: Ball 2-2: SINGLE (Groundball, 6MD)
|
Batting: RHB Yehonatan Chazan
|
0-0: Called Strike 0-1: Ball 1-1: Hit by Pitch Alfonso Nazario to second
|
Pinch Runner at 1st Luis Luquín:
|
|
Batting: RHB Mark Finney
|
0-0: Called Strike 0-1: Foul Ball, location: 2F 0-2: Strikes out swinging
|
Batting: SHB Orlando Villa
|
0-0: Foul Ball, location: 2F 0-1: Swinging Strike 0-2: Ball 1-2: DOUBLE (Line Drive, 78XD) Alfonso Nazario scores Luis Luquín to third
|
Batting: RHB Ricardo Téllez
|
0-0: Swinging Strike 0-1: Foul Ball, location: 2F 0-2: Strikes out swinging
|
Batting: RHB Colin O'Connell
|
0-0: SINGLE (Line Drive, 78S) Luis Luquín scores Orlando Villa to third Runner from 3rd tries for Home, SAFE, no throw
|
Batting: SHB Joaquín Reyes
|
0-0: Ball 1-0: Called Strike 1-1: Swinging Strike 1-2: Strikes out swinging
|
Top of the 3rd over - 3 runs, 3 hits, 0 errors, 1 left on base; Oakland 5 - Kingston Township 1 |
BOTTOM OF THE 3RD |
Kingston Township Legion batting - Pitching for Oakland Oaks : RHP Mal Houser
|
Batting: RHB Juanito González
|
0-0: Swinging Strike 0-1: TRIPLE (Flyball, 7LD)
|
Batting: RHB Ron Bernard
|
0-0: Foul Ball, location: 2F 0-1: Swinging Strike 0-2: Foul Ball, location: 2F 0-2: Strikes out swinging
|
Batting: RHB Jim Scott
|
0-0: Swinging Strike 0-1: Swinging Strike 0-2: Ball 1-2: Ball 2-2: Foul Ball, location: 2F 2-2: Ball 3-2: SINGLE (Groundball, 56D) Juanito González scores
|
Batting: RHB EP Weston
|
0-0: Ball 1-0: Foul Ball, location: 2F 1-1: Called Strike 1-2: Foul Ball, location: 2F 1-2: Foul Ball, location: 2F 1-2: Foul Ball, location: 2F 1-2: Foul Ball, location: 2F 1-2: Strikes out swinging
|
Batting: RHB Clarence Neal
|
0-0: Ball 1-0: Ball 2-0: Called Strike 2-1: Ground out 1-3 (Groundball, 13)
|
Bottom of the 3rd over - 1 run, 2 hits, 0 errors, 1 left on base; Oakland 5 - Kingston Township 2 |
TOP OF THE 4TH |
Oakland Oaks batting - Pitching for Kingston Township Legion : RHP Mick Alston
|
Batting: RHB Joseph Papasogli
|
0-0: Called Strike 0-1: Called Strike 0-2: Ball 1-2: Ball 2-2: Ball 3-2: SINGLE (Groundball, 6MD)
|
Batting: RHB Raúl Chávez
|
0-0: Swinging Strike 0-1: Called Strike 0-2: Fielders Choice at 2nd, 1-6 (Groundball, 13S)
|
Batting: RHB Alfonso Nazario
|
0-0: Ball Raúl Chávez steals 2nd base 1-0: Fly out, F9 (Flyball, 9LS)
|
Batting: SHB Luis Luquín
|
0-0: Foul Ball, location: 2F 0-1: Ground out 6-3 (Groundball, 6)
|
Top of the 4th over - 0 runs, 1 hit, 0 errors, 1 left on base; Oakland 5 - Kingston Township 2 |
BOTTOM OF THE 4TH |
Kingston Township Legion batting - Pitching for Oakland Oaks : RHP Mal Houser
|
Batting: LHB Charles Mathes
|
0-0: Called Strike 0-1: Foul Ball, location: 2F 0-2: Foul Ball, location: 2F 0-2: Ball 1-2: Ball 2-2: Foul Ball, location: 2F 2-2: Fly out, F7 (Flyball, 78XD)
|
Batting: RHB Dani Trejo
|
0-0: Called Strike 0-1: Ground out 1-3 (Groundball, 15S)
|
Batting: RHB Júlio Rodríguez
|
0-0: Ball 1-0: Fly out, F3 (Popup, 3F)
|
Bottom of the 4th over - 0 runs, 0 hits, 0 errors, 0 left on base; Oakland 5 - Kingston Township 2 |
TOP OF THE 5TH |
Oakland Oaks batting - Pitching for Kingston Township Legion : RHP Mick Alston
|
Batting: RHB Mark Finney
|
0-0: Foul Ball, location: 2F 0-1: Swinging Strike 0-2: Strikes out looking
|
Batting: SHB Orlando Villa
|
0-0: DOUBLE (Flyball, 8LXD)
|
Batting: RHB Ricardo Téllez
|
0-0: Ball 1-0: Ball 2-0: Reached on error, E6 (Groundball, 56) Orlando Villa to third
|
Batting: RHB Colin O'Connell
|
0-0: Ball 1-0: Called Strike 1-1: Ball 2-1: Ball 3-1: SINGLE (Groundball, 6MD) Orlando Villa scores Ricardo Téllez to second Runner from 2nd tries for 3rd, SAFE, no throw
|
Batting: SHB Joaquín Reyes
|
0-0: Called Strike 0-1: Ball 1-1: Ball 2-1: Called Strike 2-2: Strikes out swinging
|
Batting: RHB Joseph Papasogli
|
0-0: Ball 1-0: Foul Ball, location: 2F 1-1: Ball 2-1: Ball 3-1: Base on Balls Colin O'Connell to second
|
Batting: RHB Raúl Chávez
|
0-0: Fly out, F8 (Flyball, 8RM)
|
Top of the 5th over - 1 run, 2 hits, 1 error, 3 left on base; Oakland 6 - Kingston Township 2 |
BOTTOM OF THE 5TH |
Kingston Township Legion batting - Pitching for Oakland Oaks : RHP Mal Houser
|
Batting: RHB José Icaza
|
0-0: Called Strike 0-1: SINGLE (Groundball, 6MS) (infield hit)
|
Batting: RHB Juanito González
|
0-0: Swinging Strike 0-1: Ball 1-1: Ball 2-1: Foul Ball, location: 2F 2-2: Foul Ball, location: 2F 2-2: Ball 3-2: Foul Ball, location: 2F 3-2: Strikes out swinging
|
Batting: RHB Ron Bernard
|
0-0: Called Strike 0-1: Foul Ball, location: 2F 0-2: Ball 1-2: Foul Ball, location: 2F 1-2: Ball 2-2: Fly out, F6 (Popup, 6M)
|
Batting: RHB Jim Scott
|
0-0: Called Strike 0-1: Ball 1-1: Foul Ball, location: 2F 1-2: Fielders Choice at 2nd, 5-4 (Groundball, 56)
|
Bottom of the 5th over - 0 runs, 1 hit, 0 errors, 1 left on base; Oakland 6 - Kingston Township 2 |
TOP OF THE 6TH |
Oakland Oaks batting - Pitching for Kingston Township Legion : RHP Mick Alston
|
Batting: RHB Alfonso Nazario
|
0-0: Fly out, F8 (Flyball, 89D)
|
Batting: SHB Luis Luquín
|
0-0: Fly out, F8 (Line Drive, 8LM)
|
Batting: RHB Mark Finney
|
0-0: SINGLE (Line Drive, 89S)
|
Batting: SHB Orlando Villa
|
0-0: Swinging Strike 0-1: Foul Ball, location: 2F 0-2: Strikes out swinging
|
Top of the 6th over - 0 runs, 1 hit, 0 errors, 1 left on base; Oakland 6 - Kingston Township 2 |
BOTTOM OF THE 6TH |
Kingston Township Legion batting - Pitching for Oakland Oaks : RHP Mal Houser
|
Batting: RHB EP Weston
|
0-0: Called Strike 0-1: Foul Ball, location: 2F 0-2: Ball 1-2: Foul Ball, location: 2F 1-2: Ball 2-2: Foul Ball, location: 2F 2-2: Ball 3-2: Fly out, F8 (Flyball, 8LD)
|
Batting: RHB Clarence Neal
|
0-0: Fly out, F7 (Line Drive, 7D)
|
Batting: LHB Charles Mathes
|
0-0: Ball 1-0: Ball 2-0: Ball 3-0: Base on Balls
|
Pitching: RHP Wyatt Meek
|
|
Batting: RHB Dani Trejo
|
0-0: Ball Charles Mathes steals 2nd base 1-0: Called Strike 1-1: Ball 2-1: Ball 3-1: Base on Balls
|
Batting: RHB Júlio Rodríguez
|
0-0: Ball 1-0: Ball 2-0: Foul Ball, location: 2F 2-1: SINGLE (Line Drive, 89S) Charles Mathes to third Dani Trejo to second Runner from 3rd tries for Home, SAFE, no throw
|
Batting: RHB José Icaza
|
0-0: Ball 1-0: Fly out, F5 (Flyball, 5D)
|
Bottom of the 6th over - 1 run, 1 hit, 0 errors, 2 left on base; Oakland 6 - Kingston Township 3 |
TOP OF THE 7TH |
Oakland Oaks batting - Pitching for Kingston Township Legion : RHP Mick Alston
|
Batting: RHB Ricardo Téllez
|
0-0: Called Strike 0-1: Ball 1-1: Ball 2-1: Swinging Strike 2-2: Foul Ball, location: 2F 2-2: Strikes out swinging
|
Batting: RHB Colin O'Connell
|
0-0: Ball 1-0: Swinging Strike 1-1: Fly out, F4 (Popup, 4S)
|
Batting: SHB Joaquín Reyes
|
0-0: Ball 1-0: Called Strike 1-1: Foul Ball, location: 2F 1-2: Ground out 3-1 (Groundball, 34S)
|
Top of the 7th over - 0 runs, 0 hits, 0 errors, 0 left on base; Oakland 6 - Kingston Township 3 |
BOTTOM OF THE 7TH |
Kingston Township Legion batting - Pitching for Oakland Oaks : RHP Wyatt Meek
|
Batting: RHB Juanito González
|
0-0: Ball 1-0: Foul Ball, location: 2F 1-1: Ball 2-1: Swinging Strike 2-2: SOLO HOME RUN (Flyball, 7D), Distance : 408 ft
|
Batting: RHB Ron Bernard
|
0-0: Ball 1-0: Ball 2-0: Ball 3-0: Called Strike 3-1: Base on Balls
|
Batting: RHB Jim Scott
|
0-0: Ball 1-0: Foul Ball, location: 2F 1-1: Ball 2-1: Called Strike 2-2: Ball 3-2: Fly out, F8 (Flyball, 89D)
|
Batting: RHB EP Weston
|
0-0: Ball 1-0: Swinging Strike 1-1: Ball 2-1: Called Strike 2-2: Strikes out swinging
|
Batting: RHB Clarence Neal
|
0-0: Fly out, F8 (Flyball, 8RM)
|
Bottom of the 7th over - 1 run, 1 hit, 0 errors, 1 left on base; Oakland 6 - Kingston Township 4 |
TOP OF THE 8TH |
Oakland Oaks batting - Pitching for Kingston Township Legion : RHP Mick Alston
|
Batting: RHB Joseph Papasogli
|
0-0: Ball 1-0: Fly out, F7 (Line Drive, 7LM)
|
Batting: RHB Raúl Chávez
|
0-0: Fly out, F5 (Line Drive, 5L)
|
Batting: RHB Alfonso Nazario
|
0-0: Swinging Strike 0-1: Hit by Pitch
|
Pitching: RHP Kazu Omori
|
|
Batting: SHB Luis Luquín
|
0-0: Ball 1-0: Ball 2-0: Called Strike 2-1: Ball 3-1: Base on Balls Alfonso Nazario to second
|
Pinch Hitting: RHB Mike Wazowski
|
0-0: Ball 1-0: Called Strike 1-1: Foul Ball, location: 2F 1-2: Ball 2-2: Foul Ball, location: 2F 2-2: Ball 3-2: Fly out, F3 (Popup, 3SF)
|
Top of the 8th over - 0 runs, 0 hits, 0 errors, 2 left on base; Oakland 6 - Kingston Township 4 |
BOTTOM OF THE 8TH |
Kingston Township Legion batting - Pitching for Oakland Oaks : RHP Wyatt Meek
|
Now at 2B: José Ángel
|
|
Batting: LHB Charles Mathes
|
0-0: Ball 1-0: Ball 2-0: Ball 3-0: Called Strike 3-1: Called Strike 3-2: Foul Ball, location: 2F 3-2: Ground out 3-1 (Groundball, 34)
|
Batting: RHB Dani Trejo
|
0-0: Ball 1-0: Ball 2-0: Ground out 5-3 (Groundball, 5)
|
Batting: RHB Júlio Rodríguez
|
0-0: Ball 1-0: Ball 2-0: Fly out, F4 (Line Drive, 4)
|
Bottom of the 8th over - 0 runs, 0 hits, 0 errors, 0 left on base; Oakland 6 - Kingston Township 4 |
TOP OF THE 9TH |
Oakland Oaks batting - Pitching for Kingston Township Legion : RHP Kazu Omori
|
Batting: SHB Orlando Villa
|
0-0: Ball 1-0: Ball 2-0: Ground out 4-3 (Groundball, 4)
|
Batting: RHB Ricardo Téllez
|
0-0: Ball 1-0: Ball 2-0: Foul Ball, location: 2F 2-1: Foul Ball, location: 2F 2-2: Strikes out swinging
|
Batting: RHB Colin O'Connell
|
0-0: Called Strike 0-1: Ball 1-1: Swinging Strike 1-2: Foul Ball, location: 2F 1-2: Strikes out swinging
|
Top of the 9th over - 0 runs, 0 hits, 0 errors, 0 left on base; Oakland 6 - Kingston Township 4 |
BOTTOM OF THE 9TH |
Kingston Township Legion batting - Pitching for Oakland Oaks : RHP Wyatt Meek
|
Pitching: LHP José Castaneda
|
|
Batting: RHB José Icaza
|
0-0: Ball 1-0: Foul Ball, location: 2F 1-1: Ball 2-1: Called Strike 2-2: Ball 3-2: SOLO HOME RUN (Flyball, 8LXD), Distance : 451 ft
|
Batting: RHB Juanito González
|
0-0: Ball 1-0: Ball 2-0: Swinging Strike 2-1: Swinging Strike 2-2: Strikes out looking
|
Batting: RHB Ron Bernard
|
0-0: Ground out 6-3 (Groundball, 6)
|
Batting: RHB Jim Scott
|
0-0: Ball 1-0: Ball 2-0: Foul Ball, location: 2F 2-1: Called Strike 2-2: Ball 3-2: Base on Balls
|
Pinch Runner at 1st Elia Amberezzio:
|
|
Batting: RHB EP Weston
|
0-0: Called Strike Elia Amberezzio steals 2nd base 0-1: Called Strike 0-2: Ball 1-2: Foul Ball, location: 2F 1-2: Ball 2-2: Hit by Pitch
|
Batting: RHB Clarence Neal
|
0-0: Ball 1-0: Foul Ball, location: 2F 1-1: Ball 2-1: Swinging Strike 2-2: Strikes out swinging
|
Bottom of the 9th over - 1 run, 1 hit, 0 errors, 2 left on base; Oakland 6 - Kingston Township 5 |
|